Map: Blackpink LE

Players

Neeb - Winner!

  • Race: Protoss Protoss
  • Spawn Location: 1:00

Kelazhur

  • Race: Terran Terran
  • Spawn Location: 7:00

VOD

Have the link to the VOD?

Description

Time

  • Played on: Feb. 2, 2018, 6:05 p.m.
  • Length: 14:07
Show
View Real Time Build Order
Export as new Build Order

Neeb Protoss - Winner!

Build Orders: 1 Gate Expand, Oracle Opening, Phoenix Opening 

Get SALT Encoding   

  12  0:00  Probe  
  13  0:13  Probe  
  14  0:18  Pylon  
  14  0:25  Probe  
  15  0:37  Probe (Chrono Boost)  
  15  0:40  Gateway  
  16  0:48  Probe (Chrono Boost), Assimilator  
  17  0:53  Probe (Chrono Boost)  
  18  1:05  Probe  
  19  1:24  Nexus  
  19  1:31  Cybernetics Core  
  19  1:33  Probe  
  20  1:41  Assimilator  
  20  1:47  Pylon  
  20  1:48  Probe  
  21  2:00  Probe (Chrono Boost)  
  22  2:05  Adept (Chrono Boost)  
  24  2:13  Probe (Chrono Boost)  
  25  2:19  Probe (Chrono Boost)  
  26  2:24  Adept (Chrono Boost)  
  26  2:27  Probe  
  29  2:31  Stargate  
  29  2:39  Probe  
  29  2:40  Warp Gate  
  29  2:41  Probe  
  31  2:48  Adept (Chrono Boost)  
  33  2:51  Probe  
  33  2:53  Probe  
  34  3:03  Probe, Pylon  
  34  3:05  Probe  
  36  3:08  Adept  
  38  3:15  Probe  
  38  3:17  Probe  
  40  3:26  Oracle (Chrono Boost)  
  38  3:27  Probe  
  38  3:29  Probe  
  41  3:39  Probe  
  42  3:41  Probe  
  42  3:47  Nexus  
  43  3:52  Probe  
  43  3:53  Probe, Phoenix (Chrono Boost)  
  47  3:56  Pylon  
  47  4:03  Shield Battery  
  47  4:04  Probe  
  47  4:05  Probe  
  49  4:10  Phoenix (Chrono Boost)  
  49  4:16  Probe  
  52  4:19  Gateway  
  52  4:21  Probe  
  52  4:22  Pylon  
  53  4:27  Phoenix (Chrono Boost)  
  53  4:28  Probe  
  56  4:34  Probe  
  56  4:37  Assimilator x2  
  57  4:40  Probe  
  58  4:45  Adept  
  58  4:46  Probe  
  58  4:48  Phoenix (Chrono Boost)  
  58  4:52  Probe  
  64  4:55  Pylon  
  64  4:58  Probe  
  65  5:04  Probe  
  65  5:05  Probe, Pylon, Phoenix (Chrono Boost)  
  69  5:07  Adept  
  69  5:10  Probe  
  72  5:16  Probe  
  72  5:17  Probe  
  74  5:26  Probe  
  74  5:28  Probe, Phoenix (Chrono Boost)  
  75  5:29  Probe, Twilight Council  
  75  5:30  Forge  
  79  5:38  Probe  
  79  5:40  Probe  
  79  5:41  Probe  
  80  5:43  Stalker x2  
  80  5:45  Phoenix (Chrono Boost)  
  80  5:49  Charge  
  86  5:50  Probe, Pylon  
  86  5:53  Probe  
  86  5:55  Probe  
  89  6:02  Probe  
  89  6:03  Pylon, Protoss Ground Armor Level 1 (Chrono Boost)  
  90  6:04  Phoenix  
  90  6:08  Probe  
  93  6:14  Sentry  
  93  6:16  Gateway  
  95  6:18  Gateway  
  95  6:20  Gateway  
  95  6:28  Probe x2  
  95  6:29  Phoenix  
  95  6:31  Probe  
  95  6:35  Adept  
  97  6:40  Probe x2  
  97  6:44  Probe  
  100  6:49  Assimilator  
  100  6:50  Assimilator  
  100  6:52  Probe x2  
  102  6:55  Gateway  
  102  6:56  Gateway  
  102  6:57  Phoenix  
  104  7:03  Probe  
  105  7:09  Zealot x2  
  105  7:13  Gateway  
  109  7:16  Templar Archives, Nexus  
  109  7:17  Forge  
  109  7:20  Pylon, Zealot x2, Sentry  
  115  7:30  Phoenix  
  115  7:34  Blink  
  115  7:35  Probe x2  
  115  7:36  Probe, Protoss Ground Armor Level 2 (Chrono Boost)  
  117  7:43  Photon Cannon  
  117  7:47  Photon Cannon  
  117  7:48  Pylon  
  117  7:52  Zealot x3  
  123  7:58  Pylon  
  123  7:59  Probe x2  
  123  8:03  Robotics Facility  
  125  8:12  Pylon  
  125  8:13  Pylon  
  125  8:15  Pylon  
  125  8:16  Zealot x4  
  133  8:21  Protoss Ground Weapons Level 1 (Chrono Boost)  
  123  8:36  Probe  
  123  8:37  Probe  
  123  8:38  Probe x2  
  127  8:43  Zealot x8  
  141  9:09  High Templar x6  
  151  9:10  High Templar x2  
  151  9:13  Archon x2  
  151  9:14  Archon  
  151  9:15  Archon  
  155  9:17  Immortal (Chrono Boost)  
  159  9:27  Gateway  
  159  9:28  Gateway  
  159  9:30  Robotics Facility  
  159  9:38  Probe x2  
  147  9:41  Zealot x3  
  147  9:42  Zealot x3  
  139  9:49  Protoss Ground Weapons Level 2 (Chrono Boost), Immortal  
  139  9:50  Protoss Ground Armor Level 3 (Chrono Boost)  
  135  9:54  Zealot x2  
  135  10:18  Zealot x8, Immortal (Chrono Boost)  
  155  10:25  Assimilator x2  
  155  10:28  Warp Prism (Chrono Boost)  
  155  10:31  Dark Shrine  
  155  10:32  Nexus  
  157  10:44  Zealot x9  
  157  10:46  Pylon  
  157  10:48  Pylon  
  157  10:49  Pylon  
  175  10:51  Photon Cannon  
  175  11:16  Pylon  
  175  11:21  Zealot x10  
  195  11:31  Pylon  
  195  11:32  Psionic Storm  
  147  11:41  Immortal (Chrono Boost)  
  147  11:42  Probe x2, Immortal (Chrono Boost)  
  147  11:43  Probe  
  148  11:49  High Templar x2  
  148  11:52  High Templar x5  
  148  11:53  High Templar x3  
  146  12:11  Immortal x2 (Chrono Boost)  
  154  12:17  Protoss Shields Level 1 (Chrono Boost)  
  154  12:22  Gateway  
  154  12:25  Gateway  
  154  12:27  Zealot x10, Shield Battery  
  154  12:29  Photon Cannon  
  174  12:30  Photon Cannon  
  174  12:39  Photon Cannon  
  174  12:47  Photon Cannon  
  174  12:48  Pylon  
  172  12:54  Stalker x4  
  172  12:55  Stalker x5  
  188  13:00  Assimilator  
  188  13:01  Assimilator  
  188  13:09  Zealot  
  182  13:24  Zealot x9  
  190  13:29  Pylon  
  188  13:37  Robotics Bay  
  188  13:39  Fleet Beacon  
Show
View Real Time Build Order
Export as new Build Order

Kelazhur Terran 

Build Orders: Cyclone Opening, Gas First Reaper Expand, Reaper Expand, MMM Bio 

Get SALT Encoding   

  12  0:00  SCV  
  13  0:13  SCV  
  14  0:17  Supply Depot  
  14  0:25  SCV  
  14  0:28  Refinery  
  15  0:38  SCV  
  16  0:44  Barracks  
  16  0:51  SCV  
  17  1:03  SCV  
  18  1:16  SCV  
  19  1:33  Reaper, Orbital Command  
  20  1:47  Command Center  
  20  1:56  Factory  
  20  1:59  SCV  
  21  2:06  Barracks Reactor  
  21  2:09  Supply Depot  
  21  2:13  SCV  
  22  2:20  Refinery  
  22  2:25  SCV  
  23  2:37  SCV  
  24  2:47  Cyclone  
  24  2:48  Hellion  
  24  2:49  SCV  
  30  2:51  Marine  
  30  2:58  Supply Depot  
  30  3:02  SCV  
  31  3:19  Marine  
  30  3:22  Cyclone x2  
  35  3:28  SCV  
  35  3:37  Orbital Command  
  35  3:40  SCV  
  36  3:43  Orbital Command, Barracks Tech Lab  
  36  3:52  SCV  
  41  3:59  Widow Mine x2  
  41  4:02  Marine  
  41  4:03  Starport  
  41  4:06  SCV  
  43  4:14  SCV  
  44  4:18  SCV, Stimpack  
  45  4:26  SCV, Marine  
  45  4:30  SCV  
  48  4:32  Supply Depot  
  48  4:34  Widow Mine x2  
  53  4:38  SCV  
  53  4:39  Supply Depot  
  53  4:43  SCV  
  54  4:53  Marine, Medivac  
  54  4:54  SCV  
  54  4:55  Supply Depot  
  58  5:06  Widow Mine x2  
  63  5:07  SCV x2  
  63  5:08  Barracks  
  63  5:10  Barracks  
  63  5:11  Marine  
  65  5:19  SCV x2  
  67  5:24  Engineering Bay  
  67  5:26  Supply Depot  
  66  5:31  SCV x2  
  66  5:40  Marine  
  67  5:43  Widow Mine x2, SCV, Medivac  
  67  5:44  SCV  
  67  5:46  Refinery  
  67  5:47  Refinery  
  67  5:49  Command Center  
  75  5:50  Terran Infantry Weapons Level 1  
  75  5:55  SCV  
  75  5:56  SCV  
  77  5:57  Marine  
  77  5:59  Supply Depot  
  77  6:07  SCV  
  77  6:08  SCV  
  79  6:15  Supply Depot  
  79  6:17  Barracks Reactor  
  79  6:19  SCV  
  79  6:20  SCV  
  79  6:25  Factory Reactor  
  79  6:28  Marine  
  79  6:29  Combat Shields  
  79  6:31  SCV  
  79  6:32  SCV  
  82  6:42  Marine x2  
  82  6:43  SCV, Barracks Tech Lab  
  82  6:46  Marauder  
  83  6:47  Barracks  
  83  6:48  SCV  
  83  6:49  Barracks  
  80  6:56  SCV  
  80  7:00  SCV, Marine x2  
  84  7:03  Engineering Bay, Armory  
  84  7:05  Marauder  
  84  7:08  Marauder  
  88  7:10  Medivac x2  
  88  7:12  Orbital Command  
  88  7:15  Factory Reactor  
  92  7:16  SCV x2  
  92  7:18  Marine  
  92  7:19  Marine  
  96  7:23  Supply Depot  
  96  7:24  Concussive Shells  
  96  7:27  Marauder  
  96  7:29  Marauder  
  100  7:34  SCV x2  
  100  7:36  Barracks Reactor, Barracks Tech Lab  
  96  7:39  Orbital Command  
  96  7:41  Missile Turret  
  96  7:42  Missile Turret  
  96  7:43  Marine x2  
  96  7:46  SCV x2  
  98  7:52  Missile Turret  
  98  7:55  Marauder x3  
  98  7:56  Widow Mine x2  
  98  7:57  Medivac  
  110  7:58  SCV  
  110  7:59  Medivac  
  110  8:01  SCV  
  110  8:04  Marine x2  
  116  8:08  SCV  
  112  8:16  Marine x3  
  112  8:17  Widow Mine  
  116  8:20  Widow Mine  
  116  8:21  Marine x2  
  116  8:26  Marine  
  116  8:27  SCV  
  118  8:28  Terran Infantry Weapons Level 2  
  118  8:32  Marine  
  118  8:34  SCV, Marine x2, Medivac  
  124  8:41  Supply Depot  
  124  8:43  SCV  
  124  8:45  Supply Depot  
  124  8:46  Terran Infantry Armor Level 1  
  125  8:55  SCV  
  125  9:02  Marine  
  125  9:03  SCV, Medivac, Marauder x2  
  125  9:06  Widow Mine x2, SCV  
  125  9:07  Refinery x2  
  125  9:09  Supply Depot, Marauder  
  140  9:10  Supply Depot  
  140  9:12  Marine  
  141  9:28  Supply Depot  
  141  9:30  SCV x3, Marine  
  141  9:31  Marauder x2  
  149  9:32  Marauder  
  125  9:51  Widow Mine  
  125  9:52  Marauder x2  
  111  9:53  Marine x4, Marauder  
  111  9:55  Medivac x2  
  109  10:09  Hellion  
  109  10:10  Marine  
  109  10:11  Marine x3  
  109  10:12  Fusion Core  
  109  10:13  Widow Mine, Starport, Marauder x2  
  121  10:14  Marauder  
  121  10:20  Liberator  
  121  10:21  Liberator  
  124  10:28  Marine  
  124  10:29  Marine x3  
  124  10:31  Widow Mine  
  124  10:34  Marine  
  124  10:35  Marine, Marauder  
  133  10:37  Widow Mine  
  133  10:39  Command Center  
  138  10:46  Marine x3  
  138  10:47  Marine  
  142  10:50  Terran Infantry Weapons Level 3  
  142  10:51  Terran Infantry Armor Level 2  
  142  10:53  Marauder  
  142  10:54  Marauder  
  142  10:56  Marine  
  147  10:57  Missile Turret  
  147  10:58  Starport Tech Lab  
  147  11:04  Marine x2, Liberator x2  
  147  11:10  Widow Mine x2, Marine x2  
  155  11:12  Terran Ship Weapons Level 1  
  155  11:14  Marauder x2  
  155  11:16  Supply Depot  
  155  11:17  Supply Depot  
  163  11:28  Liberator  
  130  11:43  Marauder  
  130  11:44  Widow Mine  
  130  11:45  Widow Mine  
  135  11:47  Liberator  
  135  11:50  Marine  
  135  11:51  Marauder  
  135  11:52  Marine  
  135  11:53  Liberator, Marauder  
  135  11:54  Command Center  
  135  11:55  Advanced Ballistics  
  135  12:00  Marine  
  135  12:07  Supply Depot  
  138  12:12  Marine x3, Marauder  
  138  12:14  Marauder  
  148  12:19  Supply Depot  
  148  12:20  Supply Depot  
  148  12:23  Liberator  
  148  12:25  Marine  
  148  12:28  Marauder  
  151  12:30  Marine x2, Liberator  
  151  12:34  Marauder  
  155  12:38  Marauder  
  155  12:40  Marine  
  155  12:43  Marine  
  162  12:47  Supply Depot, Marine  
  162  12:48  Marine  
  162  12:49  Supply Depot  
  162  12:50  Marauder  
  169  12:54  Marine  
  170  13:06  Marine, Marauder  
  170  13:07  Widow Mine x2, Marine  
  170  13:10  Marine x2  
  170  13:11  Marauder  
  170  13:12  Marine  
  154  13:29  Medivac  
  154  13:30  Medivac  
  154  13:32  Medivac  
Tags
 
Add a new tag
Caveats
  • Supply blocks, unpowered buildings, or Contaminate may cause inaccurate times.
  • Supply counts are checked every 10 seconds.